AoeStats
← MengeZ0_

Arabian Desert

509083961Analyzed
1v1 RM · 8d ago on Sep 25, 2026· 83m 0s· 2 players
Game mode
Random Map
Map size
Tiny (2 player)
Population
200
Speed
Normal
Resources
Standard
Victory
Conquest
Starting age
Dark Age
Ending age
Imperial Age
RankedLock teamsTeams togetherTeam positionsShared explorationLock speedFull tech treeHidden civsTurbo modeCheats
Victory
Defeat
🇩🇪 Khmer · Germany
994
+15
🇳🇱 Cumans · Netherlands
982
-15
Eppo
7:48 Loom
9:58 Feudal Age
12:23 Bloodlines
23:28 Scale Barding Armor
24:42 Double-Bit Axe
29:43 Castle Age
29:00 Horse Collar
41:54 Imperial Age
40:42 Sanctity
40:37 Fervor
39:57 Pikeman
41:48 Wheelbarrow
41:33 Herbal Medicine
44:18 Hand Cart
44:09 Heavy Plow
48:06 Elite Skirmisher
49:41 Bow Saw
49:07 Light Cavalry
55:44 Hussar
58:29 Conscription
58:14 Cuman Mercenaries
67:05 Thumb Ring
75:30 Two-Man Saw
75:59 Chain Barding Armor
77:26 Plate Barding Armor
77:02 Forging
81:14 Fletching
82:00 Iron Casting
81:26 Padded Archer Armor
82:22 Bodkin Arrow
MengeZ0_
6:36 Loom
11:24 Feudal Age
12:15 Double-Bit Axe
21:27 Castle Age
21:48 Scale Mail Armor
24:44 Scale Barding Armor
25:48 Bloodlines
34:28 Bow Saw
35:09 Fletching
35:19 Padded Archer Armor
36:59 Wheelbarrow
36:15 Town Watch
37:18 Horse Collar
42:20 Imperial Age
39:35 Pikeman
42:35 Crossbowman
42:41 Heavy Cavalry Archer
43:37 Halberdier
49:52 Forging
50:02 Chain Barding Armor
57:54 Bodkin Arrow
60:53 Hand Cart
60:44 Bracer
61:00 Chain Mail Armor
64:00 Gold Mining
64:01 Stone Mining
65:44 Chemistry
69:19 Iron Casting
68:59 Leather Archer Armor
72:04 Elite Skirmisher
76:13 Gold Shaft Mining
76:14 Stone Shaft Mining
76:12 Ring Archer Armor
75:07 Light Cavalry
81:48 Hussar
Connection lost

Rejoining the realm…

Still unreachable

The connection could not be restored.

Session expired

The server has moved on; the page needs a fresh start.